[Event "*** Titled Tuesday Blitz"]
[Site "Chess.com"]
[Date "2020.05.26"]
[Round "6"]
[White "Xeniya2005"]
[Black "RestartingChess"]
[Result "1-0"]
[WhiteElo "2300"]
[BlackElo "2444"]
[TimeControl "180+1"]
[EndTime "11:09:56 PDT"]
[Termination "Xeniya2005 won by resignation"]

1. e4 Nf6 2. e5 Nd5 3. d4 Nb6 4. c4 d6 5. exd6 exd6 6. h3 Be7 7.
Bf4 O-O 8. Nf3 Bf6 9. Be2 Bf5 10.
Nc3 Nc6 11. O-O Re8 12. Qd2 d5 13. c5 Nc8 14. Rfe1 N8e7 15. Bd3 Qd7 16. Nb5 Bxd3 17. Qxd3 Rac8 18. a3 a6 19. Nc3 Ng6 20. Bg3 Nce7 21. b4 Nf5 22. Bh2 c6 23. a4 Ngh4 24. Nxh4 Nxh4 25. Be5 Qf5 26. Qxf5 Nxf5 27. Rad1 Nxd4 28.
Bxf6 Rxe1+ 29. Rxe1 gxf6 30. Re7 Rb8 31. b5 axb5 32.
axb5 Nxb5 33. Nxb5 cxb5 34. Rd7 Rc8 35. Rxd5 Rc7 36.
Kf1 Kf8 37. Ke2 Ke7 38. Ke3 Ke6 39. Ke4 b4 40. Rd6+ Ke7 41. Rb6 Rxc5 42. Rxb7+ Ke6 43. Rxb4 f5+ 44. Kf3 Kf6 45. Rb6+ Kg7 46. Kg3 f6 47. f3 Kg6 48. Rb8 Rc4 49. h4 f4+ 50. Kh3 h5 51. Rg8+ Kh7 52. Rf8 Rc1 53. Kh2 Kg6 54. Rb8 Re1 55. Rb4 Kf5 56. Rb5+ Ke6 57. Rxh5 f5 58. Rh6+ Ke5 59. Rh8 Rb1 60. Re8+ Kf6 61. Rf8+ Kg6 62. h5+ Kg5 63. h6 Rb6 64. h7 Rh6+ 65.
Kg1 Rxh7 66. Kf2 Ra7 67. Rg8+ Kf6 68. Rb8 Ra2+ 69. Kg1 Ke5 70. Rb5+ Ke6 71. Rb4 Ke5 72.
Rb5+ Kf6 73. Kh2 Kg5 74. Kh3 Ra1 75. Kh2 Rc1 76. Rb8 Rc2 77. Rg8+ Kf6 78. Kh3 Rc1 79. Kh2 Ke5 80. Rf8 Rc5 81. Kh3 Kd4 82. Re8 Kd3 83. Kh4 Kd2 84. Kg5 Kd3 85. Kxf4 Rc2 86.
g3 Rg2 87. Re5 Kd2 88. Rxf5 Ke2 89. Re5+ Kf2 90. g4 Rg3 91. Re3 Rh3 92. Ra3 Rh7 93. Ra2+ Kg1 94. g5 1-0

[Event "*** Titled Tuesday Blitz"]
[Site "Chess.com"]
[Date "2020.05.26"]
[Round "6"]
[White "GukeshDommaraju"]
[Black "LuckSlayeer"]
[Result "1/2-1/2"]
[WhiteElo "2668"]
[BlackElo "2473"]
[TimeControl "180+1"]
[EndTime "11:10:07 PDT"]
[Termination "Game drawn by repetition"]

1. e4 c5 2. Nf3 Nc6 3. Bb5 g6 4. O-O Bg7 5. c3 a6 6. Ba4 b5 7.
Bc2 d6 8. d4 cxd4 9. cxd4 Bg4 10. Be3 Bxf3 11. gxf3 d5 12. Nc3 e6 13. e5 Nge7 14.
f4 O-O 15. Ne2 f6 16. Rc1 Rc8 17. Bb1 Nf5 18. Bxf5 gxf5 19. Kh1 fxe5 20. fxe5 Qh4 21. Nf4 Bh6 22. Ng2 Qh3 23. Rc3 Bxe3 24. Rxe3 Qh6 25. Rg1 Kf7 26. Qd3 Rg8 27. Rh3 Qg6 28. Rg3 Qh6 29. Ne1 Rxg3 30. Rxg3 Qc1 31. Rg1 Rg8 32.
Rxg8 Kxg8 33. Qg3+ Kf7 34. Qe3 Qxe3 35. fxe3 Nb4 36. a3 Nc6 37. Nd3 Ke7 38. Kg2 a5 39. Kf3 b4 40. a4 Nd8 41. Kf4 Kf7 42. Nc5 Ke7 43. b3 Kf7 44. Kg5 Kg7 45. h3 Kf7 46. Kh6 Kg8 47. Nd7 Nf7+ 48. Kh5 Nd8 49. Nf6+ Kg7 50.
Ne8+ Kf7 51. Nd6+ Kg7 52. Kg5 h6+ 53. Kh5 Kh7 54. Ne8 Nb7 55. Nf6+ Kg7 56. Ne8+ Kh7 57.
Nd6 Nd8 58. Kh4 Kg6 59. Nc8 Kh7 60. Ne7 Kg7 61. Kh5 Kh7 62. Ng6 Kg7 63. Nf4 Kh7 64. Kh4 Kg7 65. Kg3 Kf7 66. Kf2 Kg7 67. Kg3 Kf7 68. Kh4 Kg7 69. Kh5 Kh7 70. Nd3 Kg7 71.
Nc5 Kh7 72. Nd7 Kg7 73. Nb8 Kh7 74. Na6 Kg7 75. Nc7 Kh7 76. Ne8 Nf7 77. Nf6+ Kg7 78.
Ne8+ Kh7 79. Kh4 Kg6 80. Nf6 Nd8 81. Nd7 Kh7 82. Kh5 Kg7 83. Nf6 Nf7 84. Ne8+ Kh7 1/2-1/2

[Event "*** Titled Tuesday Blitz"]
[Site "Chess.com"]
[Date "2020.05.26"]
[Round "6"]
[White "Paralinch"]
[Black "DanielDardha2005"]
[Result "1-0"]
[WhiteElo "2876"]
[BlackElo "2653"]
[TimeControl "180+1"]
[EndTime "11:10:32 PDT"]
[Termination "Paralinch won by checkmate"]

1. e4 c5 2. Nf3 Nc6 3. d4 cxd4 4.
Nxd4 e5 5. Nb5 Nf6 6. N1c3 d6 7. Bg5 a6 8. Na3 b5 9. Nd5 Be7 10. Bxf6 Bxf6 11. c4 b4 12. Nc2 Bg5 13. h4 Bh6 14.
Ndxb4 Nxb4 15. Nxb4 Qb6 16. Nd3 O-O 17. Be2 f5 18.
Bf3 Bb7 19. c5 dxc5 20. Nxe5 fxe4 21. Be2 Qb4+ 22. Kf1 Qxb2 23. Qb3+ Qxb3 24. axb3 g6 25. Rd1 Be3 26. Bc4+ Kh8 27. Nf7+ Rxf7 28. Bxf7 Bd4 29. h5 g5 30. Bc4 Rf8 31. Rxd4 cxd4 32. Ke2 Kg7 33.
Ra1 Kh6 34. Ra5 Rf6 35. Re5 Kxh5 36. Re7 Bc6 37. Rxh7+ Kg6 38. Re7 Rd6 39. Re5 Kf6 40. Ra5 Bb7 41. Kd2 g4 42. g3 Kg6 43. Ke2 Rf6 44. Re5 d3+ 45. Ke1 d2+ 46. Kxd2 Rxf2+ 47. Be2 Bc6 48. Ke3 Rf6 49. Bxg4 Rd6 50. Be2 Bb7 51.
g4 Rb6 52. Bc4 Bc6 53. Re6+ Kg5 54. Bd5 Rb5 55. Bxc6 Rxb3+ 56. Kxe4 Kxg4 57. Ke5 Rg3 58. Be4 Kg5 59. Rg6+ Kh4 60. Rxa6 Kg5 61. Ra1 Kg4 62. Rf1 Kg5 63. Rf8 Kg4 64. Bf5+ Kg5 65. Rf7 Kh4 66.
Kf6 Rg2 67. Re7 Kg3 68. Kg5 Kf2+ 69. Kf4 Rh2 70. Bg4 Kg2 71. Re2+ Kg1 72. Re3 Kf2 73. Rb3 Rg2 74. Bf3 Rh2 75. Ra3 Rh4+ 76. Bg4 Rh2 77. Rb3 Rg2 78. Bh3 Rh2 79. Ra3 Kg1 80.
Kg3 Rg2+ 81. Kh4 Rh2 82. Kg4 Rf2 83. Ra1+ Kh2 84. Kh4 Rf4+ 85. Bg4 Rf2 86. Ra3 Kg2 87. Bh3+ Kh2 88. Kg4 Rd2 89. Kh4 Rd4+ 90. Bg4 Rd2 91. Bf3 Rd4+ 92. Kg5 Kg3 93. Be4+ Kf2 94. Kf4 Rd2 95. Rh3 Re2 96. Bd3 Rd2 97. Ke4 Ke1 98. Rf3 Rf2 99. Re3+ Kd2 100. Rh3 Rg2 101. Kd4 Rg4+ 102. Be4 Rf4 103. Rh2+ Ke1 104. Ke3 Rf1 105. Ra2 Rf2 106. Ra1# 1-0

[Event "*** Titled Tuesday Blitz"]
[Site "Chess.com"]
[Date "2020.05.26"]
[Round "6"]
[White "wonderfultime"]
[Black "Aygehovit1992"]
[Result "0-1"]
[WhiteElo "2950"]
[BlackElo "2705"]
[TimeControl "180+1"]
[EndTime "11:10:33 PDT"]
[Termination "Aygehovit1992 won by resignation"]

1. d4 Nf6 2. Nf3 g6 3. Bg5 Bg7 4. Nbd2 d5 5. e3 O-O 6. c3 c5 7.
Bd3 b6 8. O-O Nbd7 9. a4 a5 10.
h3 Ba6 11. Bxa6 Rxa6 12. Qe2 Ra7 13. Rfd1 Qc8 14. Nb1 Re8 15. Na3 Ne4 16. Bf4 c4 17. Nb5 Rb7 18. Nd2 f5 19. Rac1 Qc6 20. Nf3 h6 21. Bh2 g5 22. Qc2 g4 23. hxg4 fxg4 24.
Nd2 Ndf6 25. Bf4 Nxd2 26. Qxd2 Ne4 27. Qe2 Qg6 28. b3 cxb3 29. Qb2 e6 30. c4 dxc4 31. Rxc4 Rf7 32. Rc7 Rxc7 33. Nxc7 Re7 34. Qxb3 Kh7 35.
Nb5 h5 36. Qd3 Rd7 37. Rc1 e5 38. Bh2 h4 39. Kf1 g3 40. Bg1 gxf2 41. Ke2 fxg1=Q 42. Rxg1 exd4 43. exd4 Ng3+ 44. Kd2 Bh6+ 45. Kc2 Qxd3+ 46.
Kxd3 Kg6 47. Re1 Nf5 48. Re6+ Kg5 49. Rxb6 Bg7 50. d5 Rxd5+ 51. Ke4 Re5+ 52. Kf3 Re3+ 53. Kf2 Rb3 54. Ra6 Rb2+ 55. Kf3 Rb3+ 56. Kf2 Bd4+ 57.
Nxd4 Nxd4 58. Rxa5+ Kf4 59. Ra8 Rb2+ 60. Kg1 Nf5 61.
Rg8 Ra2 62. Kh2 Rxa4 63. Kh3 Ra3+ 64. Kh2 Rg3 65. Rf8 Rg5 66. Rh8 Kg4 67. Ra8 Rg6 68.
Ra4+ Kg5 69. Ra5 Re6 70. Ra8 Re4 71. Rg8+ Kf4 72. Rh8 Re2 73. Rf8 Ra2 74. Rb8 Ra1 75. Rf8 Kg5 76. Rg8+ Kf6 77. Rf8+ Kg6 78. Rg8+ Kf7 79. Rh8 Kg7 80. Rb8 Ra2 81. Kh3 Kg6 82. Rg8+ Kh5 83. Rh8+ Kg5 84. Rg8+ Kf4 85. Kh2 Ra3 86.
Rf8 Ra2 87. Rg8 Ne3 88. Kh3 Ra1 89. Rf8+ Nf5 90. Kh2 Rf1 91. Rg8 Ke3 92. Re8+ Kf2 93. Rf8 Ke2 94. Re8+ Ne3 95. Re4 Rf2 96. Rxh4 Rxg2+ 97. Kh3 Kf3 98. Rh8 Rg3+ 99. Kh4 Ng2+ 100. Kh5 Rh3+ 0-1

[Event "*** Titled Tuesday Blitz"]
[Site "Chess.com"]
[Date "2020.05.26"]
[Round "6"]
[White "eCztery"]
[Black "stoleriu"]
[Result "0-1"]
[WhiteElo "2334"]
[BlackElo "2564"]
[TimeControl "180+1"]
[EndTime "11:10:36 PDT"]
[Termination "stoleriu won by resignation"]

1. e4 e6 2. d4 d5 3. Nc3 Bb4 4.
Qd3 dxe4 5. Qxe4 Nf6 6. Qh4 b6 7. Bg5 Bb7 8. O-O-O Bxc3 9. bxc3 h6 10. Nf3 Nbd7 11.
Bb5 c6 12. Bc4 Qe7 13. Rhe1 Qa3+ 14. Kb1 Qxc3 15. Bb3 Qb4 16. Ne5 Nxe5 17. Rxe5 Qe7 18. Bc1 Nd5 19. Qg3 O-O-O 20. c4 Nf6 21. Bb2 g6 22. f4 Nh5 23. Qe3 Rd7 24. d5 Rhd8 25.
Rc1 Ng7 26. Ba4 Rc7 27. dxe6 Nxe6 28. g4 Qb4 29. Bb3 Nc5 30. Bc3 Qa3 31. Bb2 Qb4 32. f5 Qd2 33. Qxd2 Rxd2 34. fxg6 fxg6 35. Rce1 Rd8 36. Re8 Rd7 37. Bc2 Ba6 38. Bxg6 Bxc4 39. Bf5 Bd3+ 40. Bxd3 Nxd3 41. Rxd8+ Rxd8 42. Rf1 Nxb2 43. Kxb2 Rd2+ 44. Kc3 Rxh2 45. a4 Kb7 46. Rf7+ Ka6 47. Rh7 Rg2 48. Rg7 h5 49. Rh7 hxg4 50. Rg7 Rg3+ 51. Kd4 Ra3 52. Ke5 Rxa4 53. Kd6 Kb5 54.
Kc7 c5 55. Kd6 a5 56. Rg5 Rd4+ 57. Ke5 a4 58. Rg8 a3 59. Ra8 Ra4 60. Rd8 a2 61.
Rd1 a1=Q+ 62. Rxa1 Rxa1 63. Kf4 c4 64. Kg3 c3 65.
Kf2 c2 66. Ke2 c1=Q 67. Kd3 Ra3+ 68. Ke4 Qe3+ 69. Kf5 Qf3+ 70. Kg6 g3 71. Kg5 g2 72. Kh4 Kc4 73. Kg5 b5 74. Kh4 b4 75. Kg5 b3 76. Kh4 b2 77. Kg5 b1=Q 78. Kh4 Qf4+ 79. Kh5 Qh2+ 80. Kg5 g1=Q+ 81. Kf6 Qf4+ 82. Ke7 Qc5+ 83.
Kd7 Qh7+ 0-1

[Event "*** Titled Tuesday Blitz"]
[Site "Chess.com"]
[Date "2020.05.26"]
[Round "6"]
[White "Firouzja2003"]
[Black "Semen_Khanin"]
[Result "1/2-1/2"]
[WhiteElo "3162"]
[BlackElo "2711"]
[TimeControl "180+1"]
[EndTime "11:10:40 PDT"]
[Termination "Game drawn - insufficient material"]

1. d4 Nf6 2. c4 g6 3. Nc3 d5 4. cxd5 Nxd5 5. e4 Nxc3 6. bxc3 Bg7 7. Bc4 c5 8. Ne2 Nc6 9. Be3 O-O 10. O-O b6 11. Rc1 Bb7 12. Bb5 cxd4 13. cxd4 Rc8 14. Qd2 e6 15. f3 a6 16. Ba4 b5 17. Bb3 Na5 18. Rxc8 Bxc8 19. Rc1 Bb7 20. h4 Nxb3 21. axb3 Qd7 22. h5 Rc8 23. Rxc8+ Qxc8 24. Bh6 Bxh6 25. Qxh6 a5 26. Qg5 a4 27. bxa4 bxa4 28. h6 a3 29. Nc3 Qf8 30. Qf4 Ba6 31. Qc7 Qxh6 32. Qb8+ Kg7 33. Qe5+ Kg8 34. Qb8+ Qf8 35. Qb3 Qd6 36. Qa4 Bd3 37. e5 Qd8 38. Kf2 Qg5 39. Qxa3 Qd2+ 40. Kg3 Bf1 41. Ne4 Qxg2+ 42. Kf4 Kg7 43. Qe7 Qh2+ 44. Ke3 Qe2+ 45. Kf4 Qh2+ 46. Ke3 Qg1+ 47. Nf2 h6 48. Qf6+ Kg8 49. Qh4 Qg5+ 50. Qxg5 hxg5 51. Ne4 Kg7 52. Nxg5 Bc4 53. Ne4 Bd5 54.
Nf6 Bc6 55. f4 Bb7 56. Kd2 Bf3 57. Kc3 g5 58. fxg5 Kg6 59. Kb4 Kxg5 60. Kc5 Kf4 61.
Ne8 Bh5 62. Nd6 Bg6 63. Ne8 Ke4 64. Nf6+ Kf4 65. Nd7 Ke4 66. Nb6 Kf5 67. Nd7 Ke4 68. Nf6+ Kf5 69. Kd6 Kf4 70. Ng8 Ke4 71. Ne7 Bh5 72.
Kc5 Kf4 73. Nc6 Ke4 74. Kd6 Kf4 75. Ke7 Ke4 76. Kd6 Kf4 77. Nd8 Ke4 78. Nb7 Kxd4 79.
Nc5 Ke3 80. Nd7 Kf4 81. Nf6 Bg6 82. Ne8 Kf5 83. Ng7+ Kg5 84. Ne8 Kf4 85. Nf6 Kf5 86. Nd7 Kf4 87. Nc5 Kf5 88. Nb3 Bh5 89. Nd4+ Kg6 90. Nc2 f6 91. Kxe6 fxe5 92. Kd5 Kg5 93. Kxe5 1/2-1/2

[Event "*** Titled Tuesday Blitz"]
[Site "Chess.com"]
[Date "2020.05.26"]
[Round "6"]
[White "kasparicy"]
[Black "Moon_stone123"]
[Result "0-1"]
[WhiteElo "2300"]
[BlackElo "2515"]
[TimeControl "180+1"]
[EndTime "11:11:05 PDT"]
[Termination "Moon_stone123 won by resignation"]

1. e4 c5 2. Nf3 d6 3. d4 cxd4 4. Nxd4 Nf6 5. Nc3 g6 6. Qf3 Bg7 7. h3 O-O 8. Be3 Nc6 9. O-O-O Ne5 10. Qe2 Be6 11. Nxe6 fxe6 12. f4 Nc6 13. g4 Qa5 14. Kb1 Rac8 15. Qb5 Qxb5 16. Bxb5 Na5 17. Bd4 a6 18.
Bxf6 Bxf6 19. Bd7 Rc4 20. Bxe6+ Kg7 21. Bxc4 Nxc4 22. Rhe1 Rc8 23. e5 dxe5 24. Nd5 exf4 25. Nxf6 Kxf6 26. Rd7 Nd6 27. Rdxe7 Rd8 28. h4 Nf7 29. g5+ Kg7 30. R7e4 f3 31. Rf4 Nd6 32. Re7+ Kg8 33. b3 Nf5 34. Rxb7 Rd1+ 35. Kb2 Rf1 36.
Rc4 Nd6 37. Rb8+ Kf7 38. Rc7+ Ke6 39. Rb6 f2 40. Rcc6 Rd1 41. c4 f1=Q 42. c5 Qf2+ 43. Ka3 Rd5 44. Rxd6+ Rxd6 45. Rxd6+ Ke7 46. Rc6 Qd4 47. b4 a5 48. Rb6 axb4+ 49. Rxb4 Qxc5 50. Kb3 Qe3+ 51. Kc4 Qe1 52. Kb3 Qe3+ 53. Kc4 Qf2 54. Kb3 Kd6 55. a4 Kc5 56. Rc4+ Kb6 57. Rb4+ Ka5 58.
Rb5+ Ka6 59. Rb4 Qe3+ 60. Ka2 Qd2+ 61. Kb3 Qd1+ 62. Kc3 Qd6 63. Kc4 Qf4+ 64. Kb3 Qg3+ 65. Kb2 Qg2+ 66. Kb3 Qh1 67. Rc4 Qb7+ 68. Kc3 Qf7 69. Kb4 Kb6 70. a5+ Ka6 71. Rc6+ Kb7 72. Rb6+ Ka7 73. Rc6 Qf4+ 74. Rc4 Qb8+ 75. Kc5 Qd8 76.
Kb5 Qd5+ 77. Kb4 Qd6+ 78. Rc5 Qd4+ 79. Rc4 Qb2+ 80. Ka4 Qa2+ 81. Kb4 Ka6 82. Rc6+ Kb7 83. Rc4 Qd2+ 84. Kb5 Qd5+ 85. Kb4 Qd6+ 86. Kb5 Qe5+ 87.
Rc5 Qe2+ 88. Rc4 Qb2+ 89. Kc5 Qf2+ 90. Kb5 Qf8 91. a6+ Ka7 92. Rc7+ Ka8 93. Kb6 Qb4+ 94. Kc6 Qa4+ 95. Kb6 Qb4+ 96. Kc6 Qxh4 97. Kb6 Qb4+ 98.
Kc6 Qc3+ 99. Kb6 Qd4+ 100. Kb5 Qd5+ 101. Kb6 Qd6+ 102. Rc6 Qd8+ 103. Kb5 Qxg5+ 104. Kb6 Qe3+ 105. Kb5 Qb3+ 106. Ka5 h5 107. Rc8+ Ka7 108. Rc7+ Kb8 109. a7+ Kxc7 110. a8=Q Qa3+ 111. Kb5 Qxa8 0-1

[Event "*** Titled Tuesday Blitz"]
[Site "Chess.com"]
[Date "2020.05.26"]
[Round "6"]
[White "GMKrikor"]
[Black "Chuchofrio1"]
[Result "1/2-1/2"]
[WhiteElo "2698"]
[BlackElo "2280"]
[TimeControl "180+1"]
[EndTime "11:13:39 PDT"]
[Termination "Game drawn by repetition"]

1. d4 f5 2. c4 Nf6 3. g3 d6 4. Bg2 g6 5. Nc3 Bg7 6. Nf3 O-O 7. O-O Nc6 8. d5 Ne5 9. Qb3 Rb8 10. Bf4 Nxf3+ 11.
exf3 e5 12. dxe6 Bxe6 13. Rfe1 Bf7 14. Qa4 a6 15. Rad1 Re8 16. Be3 Qd7 17. b3 h6 18.
Qxd7 Nxd7 19. Nd5 Rbc8 20. f4 b6 21. h4 Nc5 22. h5 gxh5 23. Bxc5 bxc5 24. Ne7+ Rxe7 25.
Rxe7 Kf8 26. Ree1 Bd4 27. Bh3 Bg6 28. Re6 Kf7 29. Rde1 Bf6 30. Bg2 Kg7 31. Bb7 Rb8 32.
Bc6 Bf7 33. R6e2 h4 34. Kg2 hxg3 35. fxg3 Bh5 36. Re3 Bf7 37. Bd7 Kg6 38. Be8 Rd8 39. Bxf7+ Kxf7 40. Kf3 h5 41. Rh1 Rh8 42. Rd3 Kg6 43.
Rd2 Re8 44. Re2 Rh8 45. Rhe1 Kf7 46. Rh1 Kg6 47. Re6 Kf7 48. Re3 Bd4 49. Re2 Bf6 50. Rh3 Kg6 51. Re1 Kf7 52. Rh2 Bc3 53.
Rd1 Bf6 54. Rb1 Kg6 55. a3 a5 56. Rd1 Re8 57. Re2 Rh8 58. Rd3 Kf7 59. Rh2 Kg6 60. Re3 Kf7 61. Rd3 Kg6 62. Rh1 Re8 63. Re3 Rh8 64. Re2 Kf7 65. Rb1 Rb8 66. Rh2 Kg6 67.
Re2 Kf7 68. Rd2 Bc3 69. Rd3 Bf6 70. Rdd1 Kg6 71. Re1 Kf7 72. Re2 c6 73. Rd2 Rd8 74. Rbd1 Be7 75. Re2 Bf6 76. Rde1 Rh8 77. Re6 Rd8 78.
R6e3 Bd4 79. Rd3 Bf6 80. Rde3 Rd7 81. R3e2 Re7 82. Rxe7+ Bxe7 83. Rh1 Kg6 84. Rb1 Bf6 85. b4 cxb4 86. axb4 axb4 87. Rxb4 c5 88. Rb6 Be7 89. Rb7 Kf7 90. Ra7 Ke6 91. Ra6 Bf8 92. Ra8 Kf7 93.
Rb8 Kg7 94. Rc8 Kf7 95. Kg2 Be7 96. Rh8 Kg6 97. Kf3 Bf6 98. Re8 Kf7 99. Rc8 Be7 100. Rh8 Kg6 101. Rb8 Kf7 102. Ke3 Bf6 103. Kd3 Be7 104. Rb7 Ke6 105. Rb6 Bf6 106. Ra6 Be7 107. Kc2 Kf7 108. Kb3 Ke6 109. Ka4 h4 110. gxh4 Bxh4 111. Kb5 Bg3 112. Ra8 Bxf4 113. Kc6 Be5 114. Re8+ Kf7 115. Ra8 f4 116.
Kd5 f3 117. Ra3 f2 118. Rf3+ Ke7 119. Rxf2 Kd7 120. Rf5 Bg3 121. Rf7+ Ke8 122. Ke6 Kd8 123. Rg7 Be5 124. Rd7+ Kc8 125. Rh7 Kd8 126. Kd5 Kc8 127. Kc6 Kd8 128. Rh5 Bf4 129. Rh7 Be5 130. Rb7 Ke8 131. Kd5 Kd8 132. Ke6 Kc8 133. Rd7 Bf4 134. Ke7 Be5 135. Ke8 Bf4 136. Rh7 Be5 137. Ke7 Bf4 138. Ke6 Be5 139. Rf7 Kd8 140. Kd5 Kc8 141. Rf3 Kd8 142. Rh3 Kd7 143. Rh5 Kd8 144. Rf5 Kd7 145. Rf7+ Ke8 146. Rb7 Kd8 147. Kc6 Ke8 148. Rb3 Kd8 149. Rd3 Ke7 150. Rd1 Kd8 151. Rh1 Ke7 152. Rf1 Ke8 153. Kd5 Kd8 154. Rf7 Ke8 155. Ke6 Kd8 156. Re7 Bf4 157. Rd7+ Kc8 158. Rf7 Be5 159. Rf5 Kc7 160. Rh5 Kd8 161. Rh7 Ke8 162. Ra7 Kd8 163. Rd7+ Ke8 164. Rxd6 Bxd6 165. Kxd6 Kd8 166. Kc6 Kc8 167. Kb6 Kb8 168. Ka6 Ka8 169. Kb5 Kb7 170. Ka5 Kc6 171. Ka6 Kc7 172. Ka7 Kc6 173. Ka6 Kc7 174. Kb5 Kb7 175. Ka5 Ka7 176. Kb5 Kb7 1/2-1/2

[Event "*** Titled Tuesday Blitz"]
[Site "Chess.com"]
[Date "2020.05.26"]
[Round "7"]
[White "Colombiano07"]
[Black "InitiatingASC"]
[Result "0-1"]
[WhiteElo "2272"]
[BlackElo "2395"]
[TimeControl "180+1"]
[EndTime "11:15:08 PDT"]
[Termination "InitiatingASC won by resignation"]

1. e4 c5 2. Nf3 Nc6 3. d4 cxd4 4. Nxd4 Nf6 5. Nc3 e5 6. Ndb5 h6 7. Nd6+ Bxd6 8. Qxd6 Qe7 9. Qc7 O-O 10. Bc4 Ne8 11. Nd5 Qc5 0-1

[Event "*** Titled Tuesday Blitz"]
[Site "Chess.com"]
[Date "2020.05.26"]
[Round "7"]
[White "Quiet_Desperation"]
[Black "tgpgoat"]
[Result "1-0"]
[WhiteElo "2205"]
[BlackElo "2064"]
[TimeControl "180+1"]
[EndTime "11:15:41 PDT"]
[Termination "Quiet_Desperation won by checkmate"]

1. e4 c5 2. d4 cxd4 3. c3 dxc3 4. Nxc3 Nc6 5. Nf3 e6 6. Bc4 Qc7 7. O-O Nf6 8. Nb5 Qb8 9. h3 a6 10. Nc3 h5 11. Re1 Ng4 12. Nd5 Bc5 13. Bf4 Nxf2 14. Bxb8 Nxd1+ 15. Kf1 Rxb8 16. Raxd1 exd5 17. exd5+ Kf8 18.
dxc6 dxc6 19. Rd8# 1-0

[Event "*** Titled Tuesday Blitz"]
[Site "Chess.com"]
[Date "2020.05.26"]
[Round "7"]
[White "rugbyclub"]
[Black "Manukyan_Artak"]
[Result "0-1"]
[WhiteElo "2103"]
[BlackElo "2283"]
[TimeControl "180+1"]
[EndTime "11:15:51 PDT"]
[Termination "Manukyan_Artak won by resignation"]

1. c4 c6 2. Nc3 d5 3. cxd5 cxd5 4. d4 Nc6 5. Bf4 Bf5 6. e3 e6 7. Qb3 Qb6 8. Qxb6 axb6 9. Bb5 Kd7 10. Nf3 f6 11.
O-O Bd6 12. Bxd6 Kxd6 13. Rfc1 Nge7 14. a3 Na5 15. Na4 Nb3 16. Nxb6 Ra5 0-1

[Event "*** Titled Tuesday Blitz"]
[Site "Chess.com"]
[Date "2020.05.26"]
[Round "7"]
[White "ClassyEl"]
[Black "Andreikka"]
[Result "0-1"]
[WhiteElo "2615"]
[BlackElo "2920"]
[TimeControl "180+1"]
[EndTime "11:15:52 PDT"]
[Termination "Andreikka won by resignation"]

1. d4 Nf6 2. Bg5 e6 3. Nd2 c5 4.
e4 cxd4 5. e5 Qa5 6. Nf3 Ne4 7.
Bf4 Nc6 8. a3 Nxd2 9. Bxd2 Qd5 10. Bf4 Qe4+ 0-1

[Event "*** Titled Tuesday Blitz"]
[Site "Chess.com"]
[Date "2020.05.26"]
[Round "7"]
[White "bakki78"]
[Black "Olkaa"]
[Result "0-1"]
[WhiteElo "2747"]
[BlackElo "2636"]
[TimeControl "180+1"]
[EndTime "11:15:56 PDT"]
[Termination "Olkaa won by resignation"]

1. e4 c5 2. Nf3 Nc6 3. Bb5 g6 4. Bxc6 dxc6 5. d3 Bg7 6. h3 Nf6 7. Bd2 O-O 8. Qc1 Re8 9. Bh6 e5 10. Bxg7 Kxg7 11. Nbd2 Nh5 12. Nc4 f6 13. Nh2 Nf4 14.
O-O Ne2+ 0-1

[Event "*** Titled Tuesday Blitz"]
[Site "Chess.com"]
[Date "2020.05.26"]
[Round "7"]
[White "H3nriqueTV"]
[Black "diablanni"]
[Result "0-1"]
[WhiteElo "2192"]
[BlackElo "2325"]
[TimeControl "180+1"]
[EndTime "11:15:56 PDT"]
[Termination "diablanni won by checkmate"]

1. e4 c5 2. Nf3 Nc6 3. g3 d5 4. exd5 Qxd5 5. Bg2 Bg4 6. O-O Qh5 7. h3 Bxh3 8. Nc3 Bg4 9. Nb5 Ne5 10. Nc7+ Kd8 11. d4 Nxf3+ 12. Bxf3 Bxf3 13. Qd3 Qh1# 0-1

[Event "*** Titled Tuesday Blitz"]
[Site "Chess.com"]
[Date "2020.05.26"]
[Round "7"]
[White "TudorAnton"]
[Black "Cambek64"]
[Result "0-1"]
[WhiteElo "2450"]
[BlackElo "2303"]
[TimeControl "180+1"]
[EndTime "11:16:16 PDT"]
[Termination "Cambek64 won by resignation"]

1. d4 Nf6 2. Nc3 d5 3. Bg5 Nbd7 4. f3 e6 5. e4 Be7 6. e5 Ng8 7. Bxe7 Nxe7 8. f4 c5 9. Nf3 a6 10. Bb5 axb5 11. Nxb5 Qa5+ 12. Nc3 Nc6 13. O-O cxd4 14. Nxd4 Nxd4 15. Ne2 Nxe2+ 0-1

[Event "*** Titled Tuesday Blitz"]
[Site "Chess.com"]
[Date "2020.05.26"]
[Round "7"]
[White "WastefulJustice"]
[Black "1g41-0"]
[Result "1-0"]
[WhiteElo "2404"]
[BlackElo "2537"]
[TimeControl "180+1"]
[EndTime "11:16:24 PDT"]
[Termination "WastefulJustice won by resignation"]

1. e4 c5 2. Nf3 d6 3. d4 cxd4 4. Nxd4 Nf6 5. Nc3 a6 6. Be2 e5 7. Nb3 Be7 8. O-O O-O 9. f4 b5 10. a4 b4 11. Nd5 Nxd5 12. Qxd5 Ra7 13. Be3 Rb7 14. Rad1 Qc7 15. Na5 Rb6 16. Bxb6 Qxb6+ 17. Kh1 Be6 18. Qb7 Qxa5 19. Qxe7 exf4 20. Rxd6 1-0

[Event "*** Titled Tuesday Blitz"]
[Site "Chess.com"]
[Date "2020.05.26"]
[Round "7"]
[White "TheoSlade"]
[Black "pavelalexandru07"]
[Result "1-0"]
[WhiteElo "2332"]
[BlackElo "2145"]
[TimeControl "180+1"]
[EndTime "11:16:31 PDT"]
[Termination "TheoSlade won by resignation"]

1. d4 Nf6 2. c4 c5 3. d5 e6 4. Nc3 exd5 5. cxd5 d6 6. e4 g6 7. Bd3 Bg7 8. h3 O-O 9. Nf3 b5 10. Bxb5 Nxe4 11. Nxe4 Qa5+ 12. Nfd2 Qxb5 13. Nxd6 Qa6 14. N2c4 Nd7 15. O-O Ne5 16. Nxc8 Rfxc8 17. Nxe5 Bxe5 18.
Re1 Bf6 19. Qf3 Rab8 20. d6 Bd4 21. d7 Rd8 22. Bf4 Rb7 23. Re8+ 1-0

[Event "*** Titled Tuesday Blitz"]
[Site "Chess.com"]
[Date "2020.05.26"]
[Round "7"]
[White "Leo_C"]
[Black "Klaus1995"]
[Result "1-0"]
[WhiteElo "2276"]
[BlackElo "1829"]
[TimeControl "180+1"]
[EndTime "11:16:57 PDT"]
[Termination "Leo_C won by checkmate"]

1. d4 Nf6 2. g4 Nxg4 3. e4 Nf6 4. e5 Nd5 5. c4 Nb6 6. Nc3 d5 7. c5 N6d7 8. Be3 e6 9. Qd2 b6 10. cxb6 axb6 11. f4 c5 12. Nf3 cxd4 13. Nxd4 Ba6 14. Bxa6 Rxa6 15. O-O Bc5 16. f5 Nxe5 17. fxe6 f6 18. Nf5 Bxe3+ 19. Qxe3 Nbc6 20. Rad1 d4 21. Nxd4 Nxd4 22. Rxd4 Qe7 23. Nd5 Qc5 24. Rc1 Qxd4 25. Rc8# 1-0

[Event "*** Titled Tuesday Blitz"]
[Site "Chess.com"]
[Date "2020.05.26"]
[Round "7"]
[White "Justinz"]
[Black "Zq1"]
[Result "0-1"]
[WhiteElo "2351"]
[BlackElo "2508"]
[TimeControl "180+1"]
[EndTime "11:17:05 PDT"]
[Termination "Zq1 won by resignation"]

1. e4 c5 2. Nf3 d6 3. d4 cxd4 4. Nxd4 Nf6 5. Nc3 Nc6 6. Bg5 e6 7.
Qd2 Be7 8. O-O-O O-O 9. f4 h6 10. h4 Nxd4 11. Qxd4 Qa5 12. Be2 e5 13. Qd2 exf4 14.
Bxf4 Be6 15. Kb1 Nxe4 16. Qd3 Nxc3+ 17. Qxc3 Qxa2+ 18. Kc1 Rac8 19. Qa3 Qxa3 20. bxa3 d5 21. Kb2 Bf6+ 22. Kb1 Rc3 23. Rd4 Bxd4 0-1

[Event "*** Titled Tuesday Blitz"]
[Site "Chess.com"]
[Date "2020.05.26"]
[Round "7"]
[White "djano"]
[Black "Turquoise_2701"]
[Result "1-0"]
[WhiteElo "2454"]
[BlackElo "2179"]
[TimeControl "180+1"]
[EndTime "11:17:09 PDT"]
[Termination "djano won by checkmate"]

1. Nf3 d5 2. d4 Nf6 3. Bf4 e6 4.
Nbd2 Bd6 5. Bg3 O-O 6. e3 c5 7. c3 Nc6 8. Bd3 Qc7 9. Qe2 Bxg3 10. hxg3 e5 11. dxe5 Nxe5 12. Nxe5 Qxe5 13. f4 Qe7 14.
O-O-O Re8 15. Bxh7+ Nxh7 16. Qh5 Nf6 17. Qh8# 1-0

[Event "*** Titled Tuesday Blitz"]
[Site "Chess.com"]
[Date "2020.05.26"]
[Round "7"]
[White "Khayala13"]
[Black "warmoatmeal"]
[Result "1-0"]
[WhiteElo "2328"]
[BlackElo "2142"]
[TimeControl "180+1"]
[EndTime "11:17:14 PDT"]
[Termination "Khayala13 won by resignation"]

1. e4 c6 2. d4 d5 3. Nc3 dxe4 4. Nxe4 Nf6 5. Nxf6+ exf6 6. c3 Bd6 7. Bd3 Nd7 8.
Qc2 h5 9. Ne2 O-O 10. Be3 Re8 11. O-O Nf8 12. c4 Ne6 13. d5 cxd5 14. cxd5 Nc7 15.
Nc3 Be5 16. Rad1 Bg4 17. Rd2 Kh8 18. h3 Bd7 19. Qd1 Rc8 20. Qxh5+ Kg8 21. Qh7+ Kf8 22. Bc5+ 1-0

[Event "*** Titled Tuesday Blitz"]
[Site "Chess.com"]
[Date "2020.05.26"]
[Round "7"]
[White "Alexander_Donchenko"]
[Black "BillieKimbah"]
[Result "0-1"]
[WhiteElo "2703"]
[BlackElo "2864"]
[TimeControl "180+1"]
[EndTime "11:17:24 PDT"]
[Termination "BillieKimbah won by resignation"]

1. e4 c5 2. Nf3 e6 3. g3 Nc6 4.
Bg2 Nf6 5. Qe2 Be7 6. O-O d5 7.
exd5 exd5 8. d4 O-O 9. Be3 Re8 10. h3 Qb6 11. c3 Bf5 12. Na3 c4 13. Ne5 Qa6 14.
Nc2 Bd3 15. Qf3 Bxc2 0-1

[Event "*** Titled Tuesday Blitz"]
[Site "Chess.com"]
[Date "2020.05.26"]
[Round "7"]
[White "Roaccutane"]
[Black "Gennady_Kozlov"]
[Result "1-0"]
[WhiteElo "2721"]
[BlackElo "2557"]
[TimeControl "180+1"]
[EndTime "11:17:34 PDT"]
[Termination "Roaccutane won by resignation"]

1. d4 e6 2. e4 d5 3. Nc3 Nf6 4. Bg5 Be7 5. e5 Nfd7 6. h4 Nc6 7. Bb5 Bxg5 8. hxg5 Qxg5 9. Bxc6 bxc6 10. Qf3 Ba6 11. Rh5 Qg6 12. O-O-O c5 13. Nh3 cxd4 14. Rxd4 c5 15.
Rdh4 f6 16. exf6 Nxf6 17. Rg5 Qf7 18. Qg3 O-O-O 19. Rxg7 1-0